 Dungeon Crawl Stone Soup version 0.20.1-1-g8b1a95d66d (webtiles) character file.

229 Peloso the Covered (level 6, 0/42 HPs)
             Began as a Halfling Fighter on Dec 8, 2017.
             Succumbed to an adder's poison
             ... on level 4 of the Dungeon.
             The game lasted 00:04:51 (2029 turns).

Peloso the Covered (Halfling Fighter)               Turns: 2029, Time: 00:04:51

Health: 0/42       AC:  9    Str: 24    XL:     6   Next: 23%
Magic:  6/6        EV:  8    Int:  6    God:
Gold:   133        SH: 10    Dex: 14    Spells: 5/5 levels left

rFire    . . .     SeeInvis .   a - +0 long sword
rCold    . . .     Gourm    .   c - +0 shield
rNeg     . . .     Faith    .   b - -1 chain mail (curse)
rPois    .         Spirit   .   (no helmet)
rElec    .         Reflect  .   l - +0 cloak
rCorr    .         Harm     .   (no gloves)
MR       .....                  (no boots)
Stlth    ..........             (no amulet)
Regen    0.2/turn               (no ring)
MPRegen  0.1/turn               (no ring)

@: mighty, lethally poisoned (0 -> -2)
A: mutation resistance 1
a: no special abilities


You were on level 4 of the Dungeon.
You were very hungry.

You visited 1 branch of the dungeon, and saw 4 of its levels.

You collected 133 gold pieces.

Inventory:

Hand Weapons
 a - a +0 long sword (weapon)
Armour
 b - a cursed -1 chain mail (worn)
 c - a +0 shield (worn)
 l - a +0 cloak (worn)
Scrolls
 e - a scroll of teleportation
 j - a scroll of enchant weapon {unknown}
 k - a scroll of amnesia {unknown}
 m - a scroll of enchant armour {unknown}
 n - 2 scrolls of remove curse {unknown}
 p - a scroll of random uselessness {unknown}
Potions
 o - a potion of degeneration
Comestibles
 f - 2 bread rations
 g - 2 meat rations


   Skills:
 + Level 3.3 Fighting
 + Level 4.0 Long Blades
 + Level 4.3 Armour
 + Level 0.9 Dodging
 + Level 4.3 Shields


You had 5 spell levels left.
You didn't know any spells.

Dungeon Overview and Level Annotations

Branches:
Dungeon (4/15)
 Temple: D:4-7

Altars:


Innate Abilities, Weirdness & Mutations

You are small and have problems with some larger weapons.
You are somewhat resistant to further mutation.


Message History

The adder is heavily wounded.
The adder bites you but does no damage.
You feel very mighty all of a sudden. The adder bites you.
* * * LOW HITPOINT WARNING * * *
You are lethally poisoned!
The adder poisons you! The adder barely misses you.
You slash the adder!
You kill the adder!
* * * LOW HITPOINT WARNING * * *
You feel sick. You block the orc's attack.
You slice the orc!!
You kill the orc!
The orc wizard gestures wildly while chanting.
The orc wizard blinks!
The orc hits you with a falchion.
* * * LOW HITPOINT WARNING * * *
You barely miss the orc. You block the orc's attack.
You hit the orc.
The orc is moderately wounded.
You die...

.#####..........#
o...............#
.[###...........#
...##...).......#
........§o.....o##
..>......o...(...#
......#....#####o#
......####+# #o#
............ #@#
.#'#...o.... #..#
### ##''..o.....
+.... ...
#######..o. ##.###
$... . .. ..###
#.# ..>## .. #...
#.# #<.. ##).


You could see an orc wizard and 2 orcs.

Vanquished Creatures
  A scorpion (D:4)
  Crazy Yiuf (D:2)
  An orc priest (D:4)
  Terence (D:2)
  3 adders
  A worm (D:3)
  4 dart slugs
  A leopard gecko (D:2)
  2 orcs (D:4)
  5 bats
  3 giant cockroaches
  12 goblins
  5 hobgoblins
  6 kobolds
  7 frilled lizards
  6 rats
59 creatures vanquished.

Notes
Turn   | Place    | Note
-------+----------+-------------------------------------------
     0 | D:1      | Peloso the Halfling Fighter began the quest for the Orb.
     0 | D:1      | Reached XP level 1. HP: 15/15 MP: 1/1
    61 | D:1      | Reached XP level 2. HP: 19/20 MP: 2/2
   386 | D:1      | Reached XP level 3. HP: 26/26 MP: 3/3
   866 | D:2      | Noticed Terence
   881 | D:2      | Killed Terence
   881 | D:2      | Reached XP level 4. HP: 20/31 MP: 4/4
  1402 | D:2      | Reached XP level 5. HP: 32/36 MP: 5/5
  1527 | D:2      | Found a runed door.
  1753 | D:2      | Noticed Crazy Yiuf
  1763 | D:2      | Killed Crazy Yiuf
  1989 | D:4      | Reached XP level 6. HP: 14/42 MP: 6/6
  2026 | D:4      | HP: 2/42 [poisoned by an adder]
  2029 | D:4      | Succumbed to an adder's poison

Skill      XL: |  1  2  3  4  5 |
---------------+----------------+-----
Fighting       | 3 |  3.3
Shields        | 4 |  4.3
Armour         | 4 |  4.3
Long Blades    | 3 4 |  4.0
Dodging        | |  0.9

Action                   |  1- 3 |  4- 6 || total
-------------------------+-------+-------++-------
Melee: Long sword        |   102 |   118 ||   220
  Use: Potion            |     1 |     2 ||     3
       Scroll            |     2 |     4 ||     6
  Eat: Chunk             |       |     1 ||     1
       Royal jelly       |       |     1 ||     1
Armor: Chain mail        |    31 |    64 ||    95
       Scale mail        |    11 |       ||    11
Dodge: Dodged            |    36 |    34 ||    70
Block: Shield            |    76 |    64 ||   140
       Rpst.: Long sword |    13 |     9 ||    22
